 Dungeon Crawl Stone Soup version 0.28-a0-1505-g8c907de6ad (webtiles) character file.

Game seed: 11934868547145923792

204 kae the Insei (level 5, -2/38 HPs)
             Began as a Demonspawn Transmuter on Jan 13, 2022.
             Succumbed to a water moccasin's poison
             ... on level 4 of the Dungeon.
             The game lasted 00:02:12 (5721 turns).

kae the Insei (Demonspawn Transmuter)               Turns: 5721, Time: 00:02:12

Health: -2/38      AC:  3    Str: 11    XL:     5   Next: 52%
Magic:  9/9        EV: 12    Int: 16    God:
Gold:   204        SH:  0    Dex: 13    Spells: 5/9 levels left

rFire   . . .      SeeInvis .     - Unarmed
rCold   . . .      Faith    .   (no shield)
rNeg    . . .      Spirit   .   a - +1 robe
rPois   .          Reflect  .   (no helmet)
rElec   .          Harm     .   (no cloak)
rCorr   .          Rampage  .   (no gloves)
Will    .....                   (no boots)
Stlth   +.........              (no amulet)
HPRegen 0.12/turn               (no ring)
MPRegen 0.11/turn               (no ring)

@: lethally poisoned (-2 -> -16)
A: demonic guardian 2, demonic magic 1
a: no special abilities


You were on level 4 of the Dungeon.
You visited 1 branch of the dungeon, and saw 5 of its levels.

You collected 204 gold pieces.

Inventory:

Missiles
 j - a throwing net
Armour
 a - a +1 robe (worn)
Jewellery
 h - an amulet of magic regeneration
Wands
 q - a wand of paralysis (8)
Scrolls
 f - a scroll of noise
 i - a scroll of teleportation
Potions
 b - a potion of lignification
 c - 2 potions of mutation
 d - a potion of heal wounds
 e - a potion of might
 g - a potion of curing
 k - a potion of brilliance
 l - a potion of flight
 m - a potion of berserk rage {unknown}
 o - 2 potions of haste {unknown}


   Skills:
 + Level 2.1 Fighting
 + Level 2.4 Dodging
 * Level 3.7 Unarmed Combat
 + Level 2.7 Spellcasting
 * Level 3.0 Transmutations
 - Level 1.0 Poison Magic


You had 5 spell levels left.
You knew the following spells:

 Your Spells              Type           Power      Damage    Failure   Level
a - Beastly Appendage     Tmut           24%        N/A       5%          1
b - Spider Form           Tmut/Pois      8%         N/A       26%         3

Your spell library contained the following spells:

 Spells                   Type           Power      Damage    Failure   Level
 Wereblood                Tmut           12%        N/A       9%          2
 Animate Skeleton         Necr           4%         N/A       19%         1
 Pain                     Necr           8%         1d4       19%         1
 Vampiric Draining        Necr           2%         2d6       50%         3
 Ice Form                 Ice/Tmut       7%         N/A       71%         4


Dungeon Overview and Level Annotations

Branches:
Dungeon (5/15)
 Temple: D:4-7

Altars:
Hepliaklqana
Sif Muna
Yredelemnul


Innate Abilities, Weirdness & Mutations

A demonic guardian rushes to your aid.
Spells you cast may paralyse adjacent enemies.


Message History

As you read the scroll of identify, it crumbles to dust.
l - a potion of flight A sky beast comes into view.
The howler monkey hoots and howls with incredible vigour!
You hear an angry hiss.
You hear a shout! x2
A water moccasin comes into view.
The water moccasin hisses angrily.
A sky beast comes into view.
The howler monkey hoots and howls with incredible vigour!
You hear a shout! x2
The water moccasin bites you! The sky beast barely misses you.
The water moccasin bites you but does no damage.
The sky beast flickers out of sight!
Deactivating autopickup; reactivate with Ctrl-A.
There is a stone staircase leading up here.
The water moccasin barely misses you.
A sky beast appears from thin air!
Reactivating autopickup.
The sky beast hits you. The sky beast shocks you.
You climb upwards.
There is a stone staircase leading down here.
As you read the scroll of teleportation, it crumbles to dust.
You feel strangely unstable. The water moccasin barely misses you.
The water moccasin bites you.
You are poisoned.
The water moccasin poisons you! The sky beast hits you.
The sky beast shocks you.
* * * LOW HITPOINT WARNING * * *
You feel very sick. The water moccasin bites you.
* * * LOW HITPOINT WARNING * * *
You are lethally poisoned!
The water moccasin poisons you! The sky beast barely misses you.
You hit the plant.
The plant begins to die.
The plant is lightly damaged.
Your surroundings suddenly seem different.
* * * LOW HITPOINT WARNING * * *
You feel very sick.
* * * LOW HITPOINT WARNING * * *
You feel very sick.
You die...

#.##≈.###≈≈##.#...........#
#.#bb.....≈.#..################
#.###########...###≈..#.≈≈#≈≈≈#
#...............# ≈≈≈≈P≈≈≈≈.≈≈.
#############...###############
#b≈≈≈...≈≈#..>...............
##≈P≈≈P≈.##..################
##≈..≈.###..## ≈.≈.≈≈..≈≈.
#########.@.# ##≈≈≈#≈≈≈#≈.
#.##.....################
#................#
####.....#####.###
#...>....##.# #####.##.##.#
#########'##.# #.........##.#
####...#####.#


There were no monsters in sight!

Vanquished Creatures
  A hound (D:4)
  An orc wizard (D:3)
  A hound zombie (D:4)
  2 adders
  2 ufetubi
  2 worms (D:2)
  3 dart slugs
  3 orcs (D:3)
  3 endoplasms
  5 giant cockroaches
  5 goblins
  4 hobgoblins
  3 jackals (D:2)
  3 quokkas
  3 bats
  3 frilled lizards
  5 kobolds
  3 rats
52 creatures vanquished.

Vanquished Creatures (collateral kills)
  An iguana (D:4)
  An adder (D:3)
  An orc (D:3)
  A jackal (D:2)
4 creatures vanquished.

Vanquished Creatures (others)
  16 fungi (D:4)
  7 plants (D:4)
23 creatures vanquished.

Grand Total: 79 creatures vanquished

Notes
Turn   | Place    | Note
-------+----------+-------------------------------------------
     0 | D:1      | kae the Demonspawn Transmuter began the quest for the Orb.
     0 | D:1      | Reached XP level 1. HP: 15/15 MP: 3/3
   287 | D:1      | Gained mutation: A weak demonic guardian rushes to your
                  | aid. [demonic ancestry]
   287 | D:1      | Reached XP level 2. HP: 21/21 MP: 3/5
  1282 | D:1      | Found a faded altar of an unknown god.
  1729 | D:2      | Reached XP level 3. HP: 20/26 MP: 6/6
  2787 | D:3      | Learned a level 3 spell: Spider Form
  3093 | D:3      | Found a shimmering blue altar of Sif Muna.
  3259 | D:3      | Gained mutation: A demonic guardian rushes to your aid.
                  | [demonic ancestry]
  3259 | D:3      | Reached XP level 4. HP: 27/33 MP: 7/7
  3271 | D:3      | Reached skill level 1 in Poison Magic
  4275 | D:3      | Found a basalt altar of Yredelemnul.
  4329 | D:4      | Gained mutation: Spells you cast may paralyse adjacent
                  | enemies. [demonic ancestry]
  4329 | D:4      | Reached XP level 5. HP: 7/38 MP: 4/8
  5477 | D:4      | Found a hazy altar of Hepliaklqana.
  5510 | D:5      | Entered Level 5 of the Dungeon
  5701 | D:5      | Noticed a sky beast
  5707 | D:5      | Noticed a water moccasin
  5709 | D:5      | Noticed a sky beast
  5720 | D:4      | HP: 1/38 [poisoned by a water moccasin]
  5721 | D:4      | Succumbed to a water moccasin's poison

Illustrated notes

Levels and vault maps discovered:
D:1:      dpeg_arrival_pits, layout_basic,
          shapermc_ecumenical_altar_totnotflames, st_stairs_10
D:2:      layout_rooms
D:3:      layout_basic, mainiacjoe_overflow_24_doors, pf_just_have_faith
D:4:      layout_basic, nicolae_hepliaklqana_hazy_memory, serial_aquarium,
          aquarium_bridge_straight [aquarium_subvault_bridge,
          aquarium_subvault_balcony, aquarium_subvault_bridge,
          aquarium_subvault_window], aquarium_bridge_square
          [aquarium_subvault_bridge, aquarium_subvault_wall,
          aquarium_subvault_bridge, aquarium_subvault_wall],
          aquarium_window_fake, aquarium_window_corridor_2, aquarium_window_1,
          aquarium_view_2e, aquarium_balcony_5a, aquarium_pool_double,
          minmay_bisected
D:5:      layout_basic, hangedman_decor_slide_cut, uniq_duvessa

Skill      XL: |  1  2  3  4  5 |
---------------+----------------+-----
Transmutations | 2 3 |  3.0
Unarmed Combat | 3 |  3.7
Dodging        | 2 |  2.4
Poison Magic   | 1 |  1.0
Fighting       | 2 |  2.1
Spellcasting   | |  2.7

Action                   |  1- 3 |  4- 6 || total
-------------------------+-------+-------++-------
Melee: Unarmed           |   112 |    92 ||   204
       Kick              |    22 |    14 ||    36
       Headbutt          |    12 |     6 ||    18
       Punch             |     4 |     3 ||     7
 Cast: Beastly Appendage |    35 |    15 ||    50
       Spider Form       |       |     1 ||     1
  Use: Scroll            |     2 |    12 ||    14
 Stab: Sleeping          |     1 |     1 ||     2
       Paralysed         |       |     3 ||     3
Armor: Robe              |    25 |    17 ||    42
Dodge: Dodged            |    91 |    70 ||   161

Table legend: (Time is in decaauts)
 A = Elapsed time spent in this place.
 B = Non-inter-level travel time spent in this place.
 C = Inter-level travel time spent in this place.
 D = Time resting spent in this place.
 E = Time spent auto-exploring this place.
 F = Levels seen in this place.
 G = Mean time per level.
                   A        B        C        D        E       F      G
               +--------+--------+--------+--------+--------+-----+--------+
         Total |   5708 |   5602 |    106 |     12 |   5006 |   5 | 1141.6 |
       Dungeon |   5708 |   5602 |    106 |     12 |   5006 |   5 | 1141.6 |
               +--------+--------+--------+--------+--------+-----+--------+

Top non-repeatable levels by time:
     D:1: 1568 daAuts
     D:3: 1489 daAuts
     D:4: 1238 daAuts
     D:2: 1207 daAuts
     D:5: 205 daAuts
